 Dungeon Crawl Stone Soup: Circus Animals version 1.7-37-g2c94cca (webtiles) character file.

53587 Ihatecarrots00 the Impregnable (level 25, -3/732 HPs) *EASY*
             Began as a Lava Orc Berserker on May 3, 2017.
             Was the Champion of Trog.
             Killed by divine providence
             ... invoked by a mummy priest
              (16 damage)
             ... on level 2 of the Tomb of the Ancients on May 10, 2017.
             The game lasted 03:48:45 (78992 turns).

Ihatecarrots00 the Impregnable (LOBe)              Turns: 78992, Time: 03:48:45

HP:   -3/732 (489)  AC: 41    Str: 46    XL:     25   Next: 84%
MP:   100/100       EV: 11    Int: 16    God:    Trog [******]
Gold: 4936          SH: 25    Dex: 11    Spells: 0 memorised, 24 levels left

rFire  + + +     rPois    .     I - +9 demon blade (venom)
rCold  x . .     rElec    .     H - +10 plate armour (curse)
rNeg   + . .     rCorr    .     i - +5 large shield (curse) MagicSh . . . SeeInvis .
                                D - +4 hat of Laloch {rN+ Str+5 Int+3} StaminaSh . . . Faith .
                                (no cloak) RegenHP ++++++++..
SustAt .                        X - +3 pair of gauntlets of War {Slay+5} (curse) RegenSP ++++...... Dismiss .
                                (no boots) RegenMP +++....... Reflect .
                                R - amulet "Tutwitsio" {RegenHP+ Str+2} (curse)
MR     ++...     Harm     .     C - ring of stamina
Stlth  ..........               q - ring of stamina (curse)

@: berserking, power, quick, slowed, quick, very resistant to hostile
enchantments, extremely unstealthy
A: hooves 1, horns 1, large bone plates 1, clever 2, deformed body 1, screaming
1, slow metabolism 1, translucent skin 1, reduced AC 1, MP-powered wands 1,
unfocussed dna 1
a: Berserk, Trog's Hand, Brothers in Arms, Burn Spellbooks, Renounce Religion
}: 4/20 runes: decaying, serpentine, elven, gossamer


You were on level 2 of the Tomb of the Ancients.
You worshipped Trog.
Trog was exalted by your worship.
You were not hungry.

You visited 11 branches of the dungeon, and saw 50 of its levels.
You visited the Abyss 3 times.
You also visited: Ice Cave.

You collected 10536 gold pieces.
You spent 5600 gold pieces at shops.

Inventory:

Hand Weapons
 k - a +9 executioner's axe of flaming
 p - the +3 great sword of Trog's Generosity {drain, rC+ rN+}
   (Trog gifted it to you on level 3 of the Depths)

   A truly terrible weapon, it drains the life of those it strikes.
   It protects you from cold.
   It protects you from negative energy.
 t - the +6 dagger of Ecyut {pierce, *Corrode +Fly Dex+2}
   (Trog gifted it to you on level 5 of the Lair of Beasts)

   It inflicts extra damage upon your enemies.
   It affects your dexterity (+2).
   It lets you fly.
   It may corrode you when you take damage.
 u - the +11 spear of Accord {venom, rElec rPois MR+ Int-2}
   (You bought it in a shop on level 4 of the Dungeon)

   It poisons the flesh of those it strikes.
   It affects your intelligence (-2).
   It insulates you from electricity.
   It protects you from poison.
   It affects your resistance to hostile enchantments.
 w - the +7 great mace "Firestarter" {inner flame, rF++}
   (You bought it in a shop on level 7 of the Orcish Mines)

   It has been specially enchanted to burn those struck by it, causing extra
   injury to most foes and up to half again as much damage against particularly
   susceptible opponents.
   It greatly protects you from fire.
 x - the +7 bardiche of Imyumi {drain, rC+, unknown}
   (Trog gifted it to you on level 2 of the Tomb of the Ancients)

   A truly terrible weapon, it drains the life of those it strikes.
   It protects you from cold.
 G - a +4 triple sword of slicing
 I - a +9 demon blade of venom (weapon)
 U - the +8 great sword of Iffamo {flame, rPois Str+3 SInv}
   (Trog gifted it to you on level 5 of the Enchanted Forest)

   It has been specially enchanted to burn those struck by it, causing extra
   injury to most foes and up to half again as much damage against particularly
   susceptible opponents.
   Big, fiery blades are also staple armaments of hydra-hunters.
   It affects your strength (+3).
   It protects you from poison.
   It lets you see invisible.
 Z - the +7 battleaxe of a Spat {drain, Int+3}
   (Trog gifted it to you on level 4 of the Swamp)

   A truly terrible weapon, it drains the life of those it strikes.
   It affects your intelligence (+3).
Armour
 e - a gold dragon hide
 i - a heavily cursed +5 large shield (worn)
 l - a storm dragon hide {Bai Suzhen}
 y - a fire dragon hide
 D - the +4 hat of Laloch (worn) {rN+ Str+5 Int+3}
   (You found it on level 2 of the Orcish Mines)

   It affects your strength (+5).
   It affects your intelligence (+3).
   It protects you from negative energy.
 H - a cursed +10 plate armour (worn)
 X - the cursed +3 pair of gauntlets of War (worn) {Slay+5}
   (You acquired it on level 4 of the Elven Halls)

   It affects your accuracy and damage with ranged weapons and melee attacks
   (+5).
   It has a curse placed upon it.
   (494)
Jewellery
 b - a +3 ring of strength
 o - the amulet of Ruicimm {Inacc rPois rN+ Str-3 Int+2 Stlth+}
   (You found it on level 1 of the Depths)

   [amulet of inaccuracy]

   It reduces the accuracy of all your attacks.
   It affects your strength (-3).
   It affects your intelligence (+2).
   It protects you from poison.
   It protects you from negative energy.
   It makes you more stealthy.
 q - a cursed ring of stamina (left hand)
 r - an uncursed ring of wizardry
 s - an uncursed ring of stealth
 z - the ring "Axoynwank" {Fire Dex+2}
   (You found it on level 2 of the Enchanted Forest)

   [ring of fire]

   It enhances your fire magic, and weakens your ice magic.
   It affects your dexterity (+2).
   It protects you from fire.
   It makes you vulnerable to cold.
 C - a ring of stamina (right hand)
 J - the ring "Jumyllou" {Slay+3 Stlth+}
   (You found it on level 2 of the Enchanted Forest)

   [ring of stealth]

   It affects your accuracy and damage with ranged weapons and melee attacks
   (+3).
   It makes you more stealthy.
 K - an uncursed ring of see invisible
 L - an uncursed ring of fire
 P - the amulet "Xepabi" {Reflect rF+ Int+2 SH+2}
   (You found it on level 4 of the Elven Halls)

   [amulet of reflection]

   It shields you and reflects attacks.
   It affects your intelligence (+2).
   It protects you from fire.
   It affects your SH (+2).
 R - the cursed amulet "Tutwitsio" (around neck) {RegenHP+ Str+2}
   (You found it on level 4 of the Elven Halls)

   [amulet of health regeneration]

   It affects your strength (+2).
   It increases your rate of regeneration.
   It has a curse placed upon it.
   (602)
 T - an uncursed amulet of magic shield
 V - an uncursed amulet of stamina shield
Wands
 a - a wand of disintegration (24/48)
 c - a wand of teleportation (0/9)
 d - a wand of lightning (55/120)
 f - a wand of paralysis (13/24)
 g - a wand of flame (297/576)
 h - a wand of digging (10/6)
 j - a wand of iceblast (41/75)
 m - a wand of polymorph (30/72)
 n - a wand of slowing (71/144)
 v - a wand of acid (42/90)
 F - a wand of random effects (82/144)
 W - a wand of enslavement (33/48)
Scrolls
 a - 3 scrolls of identify
 f - 33 scrolls of teleportation
 h - 5 scrolls of recharging
 j - 12 scrolls of fear
 q - 10 scrolls of enchant weapon
 r - 17 scrolls of immolation
 u - 17 scrolls of noise
 v - 15 scrolls of remove curse
 w - 6 scrolls of fog
 y - 15 scrolls of blinking
 z - 2 scrolls of silence
 A - 11 scrolls of magic mapping
 G - 4 scrolls of summoning
 J - a scroll of torment
 K - 2 scrolls of vulnerability
 O - a scroll of holy word
Potions
 b - 43 potions of stamina
 c - 24 potions of magic
 d - 18 potions of lignification
 e - 20 potions of ambrosia
 g - 26 potions of curing
 i - 12 potions of brilliance
 k - 10 potions of invisibility
 l - 6 potions of cancellation
 m - 14 potions of flight
 n - 11 potions of agility
 o - 17 potions of degeneration
 p - 2 potions of berserk rage
 s - 14 potions of haste
 t - 21 potions of might
 B - 11 potions of resistance
 C - 10 potions of cure mutation
 L - a potion of beneficial mutation
 N - 4 potions of mutation
 P - 26 potions of weak mutation
Books
 x - a book of the Dragon

   Spells                             Type                      Level
   a - Flame Tongue                   Fire                         1
   b - Cause Fear                     Hexes/Darkness               4
   c - Bolt of Fire                   Conjuration/Fire             6
   d - Dragon Form                    Fire/Transmutation           7
   e - Dragon's Call                  Summoning                    9
   Trog disapproves of the use of such an item.
 D - a book of Cantrips

   Spells                             Type                      Level
   a - Confusing Touch                Darkness                     1
   b - Animate Skeleton               Necromancy                   1
   c - Summon Small Mammal            Summoning                    1
   d - Apportation                    Translocation                1
   Trog disapproves of the use of such an item.
 E - a book of Misfortune

   Spells                             Type                      Level
   a - Confusing Touch                Darkness                     1
   b - Confuse                        Hexes/Darkness               3
   c - Gell's Gravitas                Hexes/Translocation          3
   d - Petrify                        Transmutation/Earth          4
   e - Metabolic Englaciation         Hexes/Ice                    5
   f - Yara's Violent Unravelling     Hexes/Transmutation          5
   Trog disapproves of the use of such an item.
 F - a book of Changes

   Spells                             Type                      Level
   a - Beastly Appendage              Transmutation                1
   b - Sticks to Snakes               Transmutation/Summoning      2
   c - Spider Form                    Transmutation/Poison         3
   d - Ice Form                       Ice/Transmutation            4
   e - Blade Hands                    Transmutation/Earth          5
   Trog disapproves of the use of such an item.
 H - a book of Radiance

   Spells                             Type                      Level
   a - Fireball                       Conjuration/Fire/Light       5
 b - Dispel Undead Transmutation/Necromancy/Light5
 c - Iskenderun's Battlesphere Conjuration/Charms/Light 5
 d - Irradiate Conjuration/Light 5 Trog disapproves of the use of such an item.
 I - a book of Dreams

   Spells                             Type                      Level
   a - Ensorcelled Hibernation        Hexes/Ice/Time               2
   b - Silence                        Hexes/Air/Darkness           5
   c - Darkness                       Hexes/Darkness               6
   d - Shadow Creatures               Summoning/Darkness           6
   Trog disapproves of the use of such an item.
 Q - the Grimoire of Time and the Birds
   (You found it on level 1 of the Depths)

   Spells                             Type                      Level
   a - Ensorcelled Hibernation        Hexes/Ice/Time               2
   b - Mephitic Cloud                 Conjuration/Poison/Air       3
   c - Summon Lightning Spire         Summoning/Air                5
   d - Disjunction                    Translocation/Time           8
   Trog disapproves of the use of such an item.


   Skills:
 + Level 25.3 Fighting
 - Level 2.4 Short Blades
 * Level 16.8 Long Blades
 - Level 18.8 Axes
 + Level 18.8 Polearms
 + Level 26.9 Armour
 + Level 16.3 Dodging


You had 24 spell levels left.
You didn't know any spells.

Dungeon Overview and Level Annotations

Branches:
  Crypt (0/4) Forest:6     Depths (3/7) Forest:7    Dungeon (7/7)
  Dwarf (1/4) Orc:2           Elf (4/4) Orc:2        Forest (7/7) Orc:7
   Lair (7/7) D:7             Orc (7/7) Lair:7       Shoals (0/4) Lair:2
  Slime (0/4) Forest:3      Snake (4/4) Lair:4       Spider (4/4) Orc:5
  Swamp (4/4) Lair:2         Tomb (2/4) Depths:3     Vaults (0/4) Forest:2

Altars:
Ashenzari
Elyvilon
Kikubaaqudgha
Nemelex Xobeh
Okawaru
Sif Muna
Trog
Xom
The Shining One
Beogh

Shops:
Depths:2 [   D:4 (   Elf:2 (   Elf:4 *   Orc:2 =   Orc:7 ([([

Portals:
Abyss: Depths:1 Depths:3
Pandemonium: Depths:3
Hell: Depths:1 Depths:2 Depths:3
Ziggurat: Depths:3


Innate Abilities, Weirdness & Mutations

You have large cloven feet.
You have a pair of small horns on your head.
You are partially covered in large bone plates. (AC +2, SH +2)
Your mind is very acute. (Int +4)
Armour fits poorly on your strangely shaped body.
You occasionally shout uncontrollably at your foes.
You have a slow metabolism.
Your skin is partially translucent. (Stealth, -foe acc)
You take slightly more damage. (AC -3)
You expend magic power (3 MP) to strengthen your wands.
New mutations are less likely to enhance existing mutations.


Message History

* * * LOW HITPOINT WARNING * * *; Something smites you!
You hear a hideous shriek! x2
You cut the wraith into ribbons!!! (mon hp-42)
You destroy the wraith!
The mummy priest invokes the aid of its god against you. (hp-10)
* * * LOW HITPOINT WARNING * * *; Something smites you!
The hungry ghost is burned by your radiant heat. (mon hp-2)
You block the hungry ghost's attack. You block the mummy priest's attack.
You hear a hideous shriek!
You slice the mummy!! (mon hp-20)
You destroy the mummy!
The hungry ghost is burned by your radiant heat. (mon hp-3)
You block the hungry ghost's attack.
You carve the hungry ghost like a ham!!! (mon hp-42)
You destroy the hungry ghost!
You hear a hideous shriek!
You block the mummy priest's attack.
The necrophage is burned by your radiant heat. (mon hp-3)
You block the necrophage's attack.
The mummy priest invokes the aid of its god against you. (hp-16)
You die...

...................'.........(...
...................'.............
...................'.8..8..8..8..
......8..8..8..8...#.............
..................##############.
...............[..# #.
....############### #.
.....(............# #.
................@.# #.
################n.# #.
.z..M§†M..# #. .ZMzZ.†M..# #.
.Z######### #. #. #. #. #.


You could see 2 mummy priests and a necrophage.

Vanquished Creatures
  2 giant centipedes
  Mara (Forest:5)
  Sojobo (Forest:2)
  2 greater mummies (Tomb:2)
  A juggernaut (Depths:2)
  Bai Suzhen (Depths:3)
  Saint Roka (Forest:7)
  6 caustic shrikes
  Xtahua (Forest:6)
  Boris (Forest:1)
  A golden dragon (Depths:2)
  the Enchantress (Forest:7)
  Vashnia (Snake:2)
  Jory (Forest:3)
  2 bone dragons
  Jorgrun (Swamp:2)
  3 liches
  A Hell Sentinel (Abyss:3)
  A tentacled monstrosity (Depths:3)
  2 tentacled starspawn (Abyss:3)
  5 deep elf master archers (Elf:4)
  3 deep elf blademasters (Elf:4)
  2 tengu reavers (Forest:2)
  11 thorn hunters
  9 sphinxes
  An ancient champion (Forest:2)
  A shadow dragon (shapeshifter) (Depths:3)
  Roxanne (Swamp:3)
  A storm dragon (Depths:2)
  6 fire giants
  An iron dragon (Depths:2)
  Wiglaf (Elf:2)
  16 spriggan defenders
  2 ghost moths
  4 deep elf sorcerers
  8 emperor scorpions
  3 deep elf elementalists (Elf:4)
  Donald (Elf:4)
  10 greater nagas
  10 very ugly things
  2 frost giants
  A vampire knight (Depths:2)
  8 orc warlords
  7 dire elephants
  2 deep elf demonologists
  5 entropy weavers
  19 stone giants
  5 deep elf annihilators (Elf:4)
  16 mummy priests
  A merfolk javelineer (Depths:1)
  A blizzard demon (Depths:3)
  7 apis
  11 spark wasps
  9 great orbs of eyes
  6 rakshasas
  6 deep elf death magi
  A quicksilver dragon zombie (Depths:1)
  4 vault guards (Forest:2)
  9 ice dragons
  2 yaktaur captains
  4 deep elf high priests
  4 centaur warriors
  16 spriggan air magi
  Azrael (Orc:7)
  3 ghost crabs
  A juggernaut simulacrum (Depths:1)
  13 ettins
  14 satyrs
  29 dancing weapons
  2 deep dwarf death knights (Dwarf:1)
  14 alligators
  35 death scarabs
  Josephine (Orc:2)
  9 thrashing horrors (Abyss:3)
  9 deep troll earth magi
  6 tengu warriors
  6 fire dragons
  11 deep troll shamans
  A catoblepas (Lair:6)
  4 soul eaters
  21 naga warriors
  13 hell knights
  34 hydras
  4 iron golems (Forest:4)
  A fire crab (shapeshifter) (Depths:1)
  A titan skeleton (Tomb:1)
  8 iron trolls
  A skeletal warrior (Tomb:2)
  19 anacondas
  7 ogre magi
  18 death yaks
  3 flayed ghosts
  19 deep elf knights
  42 spriggan berserkers
  2 large abominations
  A queen ant (Lair:5)
  An anaconda zombie (Tomb:2)
  An anaconda skeleton (Tomb:1)
  9 swamp dragons
  11 anubis guards
  22 deep trolls
  20 orc high priests
  27 shambling mangroves
  9 spriggan druids
  Erolcha (Orc:6)
  5 harpies (Forest:2)
  An obsidian statue (Depths:3)
  A tengu zombie (Depths:1)
  11 shock serpents
  24 ugly things
  18 naga sharpshooters
  2 necromancers
  A wolf spider zombie (Tomb:2)
  A golden dragon skeleton (Tomb:1)
  An iron dragon zombie (Tomb:2)
  22 fauns
  A hornet (shapeshifter) (Depths:2)
  A faun (shapeshifter) (Depths:2)
  Nergalle (Lair:2)
  An orange crystal statue (Elf:3)
  11 deep elf archers
  A siren (Forest:6)
  2 apocalypse crabs (Abyss:3)
  A black mamba (shapeshifter) (Depths:2)
  4 salamander mystics
  2 rust devils
  35 wolf spiders
  A stone giant skeleton (Tomb:1)
  4 orange demons (Depths:3)
  A titan simulacrum (Tomb:2)
  25 orb spiders
  2 fire crabs (Lair:7)
  16 yaktaurs
  10 naga ritualists
  7 orc knights
  4 moths of wrath
  An eye of devastation (Abyss:2)
  An efreet (Abyss:3)
  10 mana vipers
  2 griffons (Lair:7)
  75 deep elf magi
  8 oklob plants
  21 orc sorcerers
  A hellwing (Depths:2)
  3 red devils
  18 guardian mummies
  9 cyclopes
  4 tengu conjurers
  A merfolk (shapeshifter) (Forest:7)
  27 elephants
  13 hornets
  12 demonic crawlers
  2 smoke demons
  A polar bear (shapeshifter) (Depths:1)
  A spriggan skeleton (Depths:1)
  33 salamanders
  37 slime creatures
  Pikel (Lair:5)
  3 torpor snails
  A freezing wraith (Abyss:2)
  A hydra zombie (Tomb:1)
  6 guardian serpents
  11 bog bodies
  A wolf spider simulacrum (Abyss:3)
  An ice statue (IceCv)
  12 giant leeches
  61 black mambas
  7 ushabtiu
  38 jumping spiders
  An ancient zyme (Abyss:2)
  A deep dwarf necromancer (Dwarf:1)
  A fire dragon skeleton (Tomb:2)
  A queen bee (Spider:2)
  30 naga magi
  A deep dwarf artificer (Dwarf:1)
  69 flying skulls
  2 spriggans (shapeshifter)
  3 meliai (Spider:2)
  An ettin skeleton (Tomb:1)
  5 boulder beetles
  7 shadows
  A yak (shapeshifter) (Abyss:3)
  A ynoxinul (Abyss:3)
  32 spiny frogs
  16 dryads
  9 komodo dragons
  An elf simulacrum (Depths:1)
  Maurice (Orc:5)
  A golden eye (shapeshifter) (Depths:1)
  8 rime drakes
  25 vampire mosquitoes
  35 tarantellas
  6 wind drakes
  17 polar bears
  20 air elementals
  13 trolls
  15 swamp worms
  16 insubstantial wisps (Swamp:1)
  15 water elementals
  A monstrous demonspawn zombie (Tomb:1)
  72 redbacks
  2 giant eyeballs (Forest:2)
  Prince Ribbit (Lair:4)
  19 two-headed ogres
  Grinder (D:7)
  26 blink frogs
  14 boggarts
  2 hill giant zombies (Lair:7)
  73 spriggans
  A soldier ant (shapeshifter) (Elf:4)
  A swamp dragon skeleton (Tomb:2)
  A crocodile (shapeshifter) (Depths:2)
  3 wraiths (Orc:2)
  62 yaks
  2 water moccasins (shapeshifter)
  11 fire elementals
  8 hippogriffs
  8 basilisks
  7 deep dwarves (Dwarf:1)
  A wyvern (Lair:6)
  20 soldier ants (Lair:5)
  A tengu (shapeshifter) (Elf:2)
  A mottled dragon (Lair:7)
  29 wargs
  2 hell hounds (Orc:7)
  7 phantoms
  A big kobold (shapeshifter) (Elf:4)
  3 earth elementals
  23 water moccasins
  A black bear (D:6)
  58 nagas
  Grum (Lair:3)
  10 ice beasts
  3 slaves (Lair:5)
  3 steam dragons (Lair:7)
  46 ogres
  A necrophage (D:7)
  18 crocodiles
  97 orc warriors
  18 porcupines
  21 swamp drakes
  107 wasps
  11 centaurs
  8 killer bees (Spider:2)
  43 wolves
  A troll zombie (Lair:7)
  13 giant frogs
  A gnoll sergeant (Orc:7)
  45 mummies
  Menkaure (D:6)
  5 scorpions
  3 small abominations
  Blork the orc (Orc:7)
  A centaur zombie (D:7)
  A centaur skeleton (D:6)
  5 ogre zombies (Lair:7)
  17 electric eels
  A giant frog skeleton (D:7)
  A dart slug (D:5)
  3 hounds
  3 howler monkeys
  11 jellies
  59 orc priests
  61 orc wizards
  4 giant geckos
  10 gnolls
  A gnoll shaman (Orc:5)
  17 iguanas
  348 orcs
  A quasit (D:5)
  45 sheep
  23 worker ants
  12 adders
  4 ball pythons
  17 crimson imps
  6 giant cockroaches
  10 goblins
  10 hobgoblins
  4 iron imps
  2 jackals (D:1)
  13 kobolds
  4 quokkas
  49 river rats
  3 shadow imps
  3 white imps
  A ball python skeleton (D:4)
  A ball python zombie (D:1)
  14 bats
  A giant cockroach zombie (D:1)
  6 giant newts
  3 goblin zombies (Lair:7)
  A hobgoblin skeleton (Lair:7)
  2 hobgoblin zombies (Lair:7)
  A hound zombie (D:5)
  A howler monkey skeleton (D:4)
  A jackal skeleton (D:6)
  A kobold skeleton (Tomb:1)
  3 orc skeletons (Lair:7)
  15 orc zombies (Lair:7)
  13 rats
  4 worms
  26 briar patches
  A bush (Orc:7)
  6 crawling corpses (Elf:4)
  9 fungi
  A lurking horror (Abyss:3)
  21 plants
  6 snaplasher vines
  A snaplasher vine segment (Forest:1)
  2 starspawn tentacles (Abyss:3)
3530 creatures vanquished.

Vanquished Creatures (others)
  Margery (Forest:2)
  A lich (Depths:3)
  A sphinx (Tomb:2)
  A tengu reaver (Depths:2)
  An elemental wellspring (Forest:3)
  A stone giant (Orc:7)
  A deep elf high priest (Elf:1)
  A satyr (Forest:6)
  A spriggan druid (Swamp:4)
  4 deep elf knights
  A deep troll (Depths:2)
  A shambling mangrove (Swamp:4)
  A slime creature (Swamp:4)
  2 deep elf archers
  2 fauns
  3 deep elf magi
  A fire giant skeleton (Tomb:1)
  A yaktaur (Depths:2)
  An orc knight (Orc:6)
  A two-headed ogre (Depths:3)
  A tarantella (Spider:2)
  A polar bear (IceCv)
  2 wasps
  A boggart (Depths:2)
  A crimson imp (Depths:3)
  2 ogres
  An orc priest (Orc:7)
  6 orcs
  2 orc wizards
  A giant cockroach zombie (D:5)
  A hobgoblin zombie (Lair:7)
  9 briar patches
  4 fungi
  A lurking horror (Abyss:3)
  18 plants
  A snaplasher vine (Forest:1)
  81 snaplasher vine segments
  5 starspawn tentacles (Abyss:3)
  11 starspawn tentacle segments (Abyss:3)
176 creatures vanquished.

Grand Total: 3706 creatures vanquished

Notes
Turn   | Place    | Note
-------+----------+-------------------------------------------
     0 | D:1      | Ihatecarrots00 the Lava Orc Berserker began the quest for the Orb.
     0 | D:1      | Reached XP level 1. HP: 39/39 MP: 100/100
   125 | D:1      | Reached XP level 2. HP: 51/51 MP: 100/100
   174 | D:1      | Reached ** piety under Trog
   178 | D:1      | Reached XP level 3. HP: 54/63 MP: 100/100
   646 | D:1      | Reached skill level 5 in Axes
  1013 | D:2      | Reached XP level 4. HP: 76/76 MP: 100/100
  1017 | D:2      | Reached *** piety under Trog
  1423 | D:2      | Found a shattered altar of Ashenzari.
  2253 | D:3      | Found a glowing golden altar of the Shining One.
  2717 | D:4      | Found Duas's Weapon Emporium.
  2766 | D:4      | Reached skill level 3 in Armour
  2810 | D:4      | Reached **** piety under Trog
  2954 | D:4      | Reached XP level 5. HP: 88/88 MP: 100/100
  2983 | D:4      | Reached skill level 1 in Short Blades
  3618 | D:5      | Entered Level 5 of the Dungeon
  3946 | D:5      | Reached ***** piety under Trog
  3957 | D:5      | Reached XP level 6. HP: 99/99 MP: 100/100
  4823 | D:6      | Reached skill level 5 in Fighting
  5282 | D:6      | Noticed Menkaure
  5297 | D:6      | Killed Menkaure
  6136 | D:7      | Entered Level 7 of the Dungeon
  6174 | D:7      | Noticed Grinder
  6194 | D:7      | Reached XP level 7. HP: 111/111 MP: 100/100
  6203 | D:7      | Killed Grinder
  6205 | D:7      | Found a staircase to the Lair.
  6629 | D:7      | Received a gift from Trog
  6804 | D:7      | Reached XP level 8. HP: 122/122 MP: 100/100
  7232 | Lair:1   | Entered Level 1 of the Lair of Beasts
  7382 | Lair:1   | Reached skill level 4 in Armour
  7533 | Lair:1   | Reached XP level 9. HP: 132/132 MP: 100/100
  7789 | Lair:1   | Reached ****** piety under Trog
  9130 | Lair:2   | Found a staircase to the Swamp.
  9191 | Lair:2   | Noticed Nergalle
  9207 | Lair:2   | Killed Nergalle
  9339 | Lair:2   | Found a staircase to the Shoals.
  9571 | Lair:2   | Reached skill level 5 in Armour
  9905 | Lair:2   | Reached XP level 10. HP: 129/139 MP: 100/100
 10501 | Lair:3   | Noticed a death yak
 10502 | Lair:3   | Noticed a death yak
 10502 | Lair:3   | Noticed a death yak
 10503 | Lair:3   | Noticed a death yak
 10511 | Lair:3   | Killed a death yak
 10518 | Lair:3   | Killed a death yak
 10520 | Lair:3   | Killed a death yak
 10524 | Lair:3   | Killed a death yak
 10652 | Lair:3   | Reached XP level 11. HP: 159/159 MP: 100/100
 10703 | Lair:3   | Received a gift from Trog
 10737 | Lair:3   | Noticed Grum
 10754 | Lair:3   | Killed Grum
 10813 | Lair:3   | Noticed a two-headed hydra
 10819 | Lair:3   | Killed a one-headed hydra
 10849 | Lair:3   | Reached skill level 6 in Armour
 10976 | Lair:3   | Reached skill level 5 in Dodging
 11344 | Lair:3   | Reached XP level 12. HP: 165/169 MP: 100/100
 11607 | Lair:4   | Found a staircase to the Snake Pit.
 11672 | Lair:4   | Found a frozen archway.
 11700 | IceCv    | Entered an ice cave
 11879 | IceCv    | Reached skill level 7 in Armour
 12284 | IceCv    | Noticed a frost giant
 12289 | IceCv    | Killed a frost giant
 12633 | Lair:4   | Received a gift from Trog
 12633 | Lair:4   | Reached XP level 13. HP: 178/184 MP: 100/100
 13516 | Lair:4   | Noticed Prince Ribbit
 13528 | Lair:4   | Killed Prince Ribbit
 14235 | Lair:5   | Noticed Pikel
 14243 | Lair:5   | Killed Pikel
 14468 | Lair:5   | Found a labyrinth entrance.
 14505 | Lair:5   | Reached skill level 8 in Armour
 14599 | Lair:5   | Received a gift from Trog
 14772 | Lair:5   | Reached XP level 14. HP: 178/193 MP: 100/100
 14939 | Lair:5   | Received a gift from Trog
 14950 | Lair:5   | Got a warped dagger {god gift}
 16583 | D:4      | Bought the +11 spear of Accord {venom, rElec rPois MR+ Int-2} for 938 gold pieces
 16583 | D:4      | Identified the +6 dagger of Ecyut {pierce, *Corrode +Fly Dex+2} (Trog gifted it to you on level 5 of the Lair of Beasts)
 16877 | Lair:6   | Reached skill level 10 in Fighting
 16877 | Lair:6   | Reached skill level 1 in Polearms
 17747 | Lair:6   | Reached skill level 9 in Armour
 18845 | Lair:7   | Entered Level 7 of the Lair of Beasts
 19020 | Lair:7   | Received a gift from Trog
 19139 | Lair:7   | Reached skill level 10 in Axes
 19145 | Lair:7   | Reached XP level 15. HP: 129/200 MP: 100/100
 19163 | Lair:7   | Found a staircase to the Orcish Mines.
 19510 | Lair:7   | Got a brightly glowing war axe
 20318 | Lair:7   | Received a gift from Trog
 20621 | Orc:1    | Entered Level 1 of the Orcish Mines
 20890 | Orc:1    | Found an iron altar of Okawaru.
 20976 | Orc:1    | Received a gift from Trog
 21467 | Orc:1    | Identified the +10 war axe of the Sage {distort, MR+ Dex+4} (You found it on level 7 of the Lair of Beasts)
 21569 | Orc:2    | Found Neokkap's Jewellery Shoppe.
 21583 | Orc:2    | Bought an uncursed amulet of health regeneration for 570 gold pieces
 21595 | Orc:2    | Bought an uncursed ring of stamina for 380 gold pieces
 21685 | Orc:2    | Noticed Josephine
 21692 | Orc:2    | Killed Josephine
 21693 | Orc:2    | Found a staircase to the Dwarven Fortress.
 21709 | Orc:2    | Found a staircase to the Elven Halls.
 21898 | Orc:2    | Received a gift from Trog
 22065 | Orc:2    | Reached skill level 5 in Polearms
 22073 | Orc:2    | Got a slimy hat
 22075 | Orc:2    | Got an encrusted hat
 22076 | Orc:2    | Identified the +4 hat of Laloch {rN+ Str+5 Int+3} (You found it on level 2 of the Orcish Mines)
 22077 | Orc:2    | Identified the cursed +0 hat of Salvation {rElec rF++ rC+++ Str-3} (You found it on level 2 of the Orcish Mines)
 22782 | Orc:3    | Received a gift from Trog
 23455 | Orc:4    | Found a bloodstained altar of Trog.
 23664 | Orc:5    | Reached XP level 16. HP: 215/215 MP: 100/100
 23669 | Orc:5    | Reached skill level 10 in Armour
 23718 | Orc:5    | Received a gift from Trog
 24062 | Orc:6    | Found a roughly hewn altar of Beogh.
 24222 | Orc:6    | Noticed Erolcha
 24222 | Orc:6    | Received a gift from Trog
 24229 | Orc:6    | Killed Erolcha
 24514 | Orc:7    | Entered Level 7 of the Orcish Mines
 24514 | Orc:7    | Found a staircase to the Enchanted Forest.
 24545 | Orc:7    | Noticed Azrael
 24557 | Orc:7    | Killed Azrael
 24606 | Orc:7    | Received a gift from Trog
 24687 | Orc:7    | Paralysed by an orc sorcerer for 5 turns
 24713 | Orc:7    | Found Wecoozo's Antique Weapon Shoppe.
 24714 | Orc:7    | Found a roughly hewn altar of Beogh.
 24764 | Orc:7    | Found a roughly hewn altar of Beogh.
 24815 | Orc:7    | Paralysed by an orc sorcerer for 2 turns
 24823 | Orc:7    | Received a gift from Trog
 24867 | Orc:7    | Reached XP level 17. HP: 232/232 MP: 100/100
 25085 | Orc:7    | Found a roughly hewn altar of Beogh.
 25099 | Orc:7    | Noticed Blork the orc
 25110 | Orc:7    | Killed Blork the orc
 25160 | Orc:7    | Found Wismi's Armour Emporium.
 25333 | Orc:7    | Found a shimmering altar of Xom.
 25370 | Orc:7    | Found a roughly hewn altar of Beogh.
 25379 | Orc:7    | Reached skill level 11 in Armour
 25453 | Orc:7    | Found a roughly hewn altar of Beogh.
 25611 | Orc:7    | Found a roughly hewn altar of Beogh.
 25616 | Orc:7    | Found Waplodumn's Weapon Shoppe.
 25775 | Orc:7    | Found Masuofeu's Antique Armour Emporium.
 26080 | Snake:1  | Entered Level 1 of the Snake Pit
 26185 | Snake:1  | Received a gift from Trog
 26487 | Snake:1  | Got a translucent buckler
 26656 | Snake:2  | Reached skill level 15 in Fighting
 27671 | Snake:2  | Received a gift from Trog
 28186 | Snake:2  | Noticed Vashnia
 28193 | Snake:2  | Killed Vashnia
 28523 | Snake:3  | Reached XP level 18. HP: 243/243 MP: 100/100
 28700 | Snake:3  | Reached skill level 12 in Armour
 29689 | Snake:4  | Entered Level 4 of the Snake Pit
 29800 | Snake:4  | Received a gift from Trog
 30809 | Snake:4  | Reached skill level 10 in Dodging
 31783 | Snake:4  | Received a gift from Trog
 31788 | Snake:4  | Identified the cursed +0 buckler of Death Resistance {-Cast rElec rPois rC+++} (You found it on level 1 of the Snake Pit)
 32203 | Snake:4  | Reached XP level 19. HP: 255/257 MP: 100/100
 32212 | Snake:4  | Reached skill level 13 in Armour
 32304 | Snake:4  | Got a serpentine rune of Zot
 33039 | Orc:7    | Bought the +7 great mace "Firestarter" {inner flame, rF++} for 2776 gold pieces
 33533 | Forest:1 | Entered Level 1 of the Enchanted Forest
 33892 | Forest:1 | Found a white marble altar of Elyvilon.
 34701 | Forest:1 | Noticed Boris
 34713 | Forest:1 | Killed Boris
 34762 | Forest:1 | Reached skill level 10 in Polearms
 34815 | Forest:1 | Received a gift from Trog
 35170 | Elf:1    | Entered Level 1 of the Elven Halls
 35857 | Elf:1    | Found an ancient bone altar of Kikubaaqudgha.
 35957 | Elf:1    | Found a flickering gateway to a bazaar.
 36076 | Elf:1    | Reached skill level 15 in Axes
 36138 | Elf:1    | Received a gift from Trog
 37681 | Elf:2    | Found Nisich's Antique Weapon Shop.
 38149 | Elf:2    | Noticed Wiglaf
 38157 | Elf:2    | Killed Wiglaf
 38408 | Elf:2    | Received a gift from Trog
 38779 | Elf:3    | Cast into level 2 of the Abyss (a deep elf demonologist)
 38833 | Abyss:2  | Found a corrupted altar of Lugonu.
 38932 | Abyss:2  | Noticed a bone dragon
 38939 | Abyss:2  | Killed a bone dragon
 38988 | Abyss:2  | Received a gift from Trog
 39396 | Elf:3    | Escaped the Abyss
 39469 | Elf:3    | Reached skill level 14 in Armour
 39521 | Elf:3    | Reached XP level 20. HP: 267/269 MP: 100/100
 39986 | Elf:4    | Entered Level 4 of the Elven Halls
 39987 | Elf:4    | Found Gifoch's General Store.
 40002 | Elf:4    | Received a gift from Trog
 40027 | Elf:4    | Bought a scroll of acquirement for 936 gold pieces
 40363 | Elf:4    | Noticed Donald
 40373 | Elf:4    | Killed Donald
 40724 | Elf:4    | Cast into level 2 of the Abyss (a deep elf sorcerer)
 41221 | Elf:4    | Escaped the Abyss
 41261 | Elf:4    | Received a gift from Trog
 41342 | Elf:4    | Got a sparkling graven amulet
 41413 | Elf:4    | Reached skill level 15 in Armour
 41426 | Elf:4    | Got an elven rune of Zot
 41451 | Elf:4    | Got a faintly glowing crystal amulet
 41635 | Elf:4    | Got a transparent broad axe
 41636 | Elf:4    | Identified the +4 broad axe of Mayhem {speed, rN+ MR+} (You found it on level 4 of the Elven Halls)
 41640 | Elf:4    | Got a faintly glowing broad axe
 41661 | Elf:4    | Got a fine halberd
 41663 | Elf:4    | Identified the +1 halberd "Jiguetz" {chop, Str+3} (You found it on level 4 of the Elven Halls)
 42294 | Dwarf:1  | Entered Level 1 of the Dwarven Fortress
 42825 | Orc:5    | Received a gift from Trog
 42882 | Orc:5    | Noticed Maurice
 42886 | Orc:5    | Killed Maurice
 43135 | Orc:5    | Found a hole to the Spider Nest.
 43170 | Orc:5    | Received a gift from Trog
 43183 | Orc:5    | Reached XP level 21. HP: 281/281 MP: 100/100
 43377 | Spider:1 | Entered Level 1 of the Spider Nest
 44143 | Spider:2 | Received a gift from Trog
 44164 | Spider:2 | Received a gift from Trog
 44637 | Spider:2 | Received a gift from Trog
 46337 | Spider:4 | Entered Level 4 of the Spider Nest
 46406 | Spider:4 | Received a gift from Trog
 46432 | Spider:4 | Identified the +3 broad axe of Mehit {drain, SInv} (You found it on level 4 of the Elven Halls)
 46568 | Spider:4 | Gained mutation: Your muscles are strong. (Str +2) [potion of mutation]
 46568 | Spider:4 | Gained mutation: You have a slow metabolism. [potion of mutation]
 46568 | Spider:4 | Gained mutation: You have large cloven feet. [potion of mutation]
 46569 | Spider:4 | Gained mutation: New mutations are less likely to enhance existing mutations. [potion of mutation]
 46569 | Spider:4 | Gained mutation: You are clumsy. (Dex -2) [potion of mutation]
 46569 | Spider:4 | Lost mutation: Your muscles are strong. (Str +2) [potion of mutation]
 46570 | Spider:4 | Gained mutation: Your mind is acute. (Int +2) [potion of mutation]
 46570 | Spider:4 | Lost mutation: You are clumsy. (Dex -2) [potion of mutation]
 46571 | Spider:4 | Gained mutation: You are immune to freezing clouds. [potion of mutation]
 46571 | Spider:4 | Gained mutation: Armour fits poorly on your strangely shaped body. [potion of mutation]
 46571 | Spider:4 | Gained mutation: Your skin is partially translucent. (Stealth, -foe acc) [potion of mutation]
 46572 | Spider:4 | Gained mutation: You occasionally shout uncontrollably at your foes. [potion of mutation]
 46572 | Spider:4 | Gained mutation: You have a pair of small horns on your head. [potion of mutation]
 46573 | Spider:4 | Gained mutation: You are partially covered in large bone plates. (AC +2, SH +2) [potion of mutation]
 46574 | Spider:4 | Gained mutation: You take slightly more damage. (AC -3) [potion of weak mutation]
 46575 | Spider:4 | Gained mutation: You expend magic power (3 MP) to strengthen your wands. [potion of weak mutation]
 46577 | Spider:4 | Lost mutation: You are immune to freezing clouds. [potion of weak mutation]
 46579 | Spider:4 | Gained mutation: Your mind is very acute. (Int +4) [potion of weak mutation]
 46580 | Spider:4 | Reached skill level 20 in Armour
 46581 | Spider:4 | Reached skill level 23 in Armour
 47371 | Spider:4 | Received a gift from Trog
 47452 | Spider:4 | Got a gossamer rune of Zot
 48055 | Swamp:1  | Entered Level 1 of the Swamp
 49726 | Swamp:2  | Noticed Jorgrun
 49734 | Swamp:2  | Killed Jorgrun
 50114 | Swamp:2  | Reached XP level 22. HP: 293/293 MP: 100/100
 51057 | Swamp:2  | Received a gift from Trog
 51072 | Swamp:2  | Got a fine glaive {god gift}
 51073 | Swamp:2  | Identified the +3 glaive of Sloth {chop, rElec} (Trog gifted it to you on level 2 of the Swamp)
 51428 | Swamp:3  | Noticed Roxanne
 51452 | Swamp:3  | Killed Roxanne
 53107 | Swamp:4  | Entered Level 4 of the Swamp
 53121 | Swamp:4  | Received a gift from Trog
 53383 | Swamp:4  | Reached skill level 24 in Armour
 53548 | Swamp:4  | Got a decaying rune of Zot
 53673 | Swamp:4  | Received a gift from Trog
 54419 | Swamp:4  | Got a jewelled battleaxe {god gift}
 54420 | Swamp:4  | Identified the +7 battleaxe of a Spat {drain, Int+3} (Trog gifted it to you on level 4 of the Swamp)
 56341 | Forest:2 | Paralysed by a giant eyeball for 4 turns
 56360 | Forest:2 | Reached skill level 1 in Long Blades
 56556 | Forest:2 | Paralysed by a giant eyeball for 3 turns
 56698 | Forest:2 | Noticed Sojobo
 56707 | Forest:2 | Received a gift from Trog
 56745 | Forest:2 | Killed Sojobo
 56811 | Forest:2 | Reached skill level 15 in Polearms
 56873 | Forest:2 | Got a glittering copper ring
 56909 | Forest:2 | Noticed a giant centipede
 56933 | Forest:2 | Killed a giant centipede
 56960 | Forest:2 | Found a sparkling altar of Nemelex Xobeh.
 57019 | Forest:2 | Got a smoking copper ring
 57087 | Forest:2 | Reached skill level 5 in Long Blades
 57107 | Forest:2 | Found an ancient bone altar of Kikubaaqudgha.
 57147 | Forest:2 | Noticed Margery
 57155 | Forest:2 | Killed Margery
 57187 | Forest:2 | Reached XP level 23. HP: 273/304 MP: 100/100
 57244 | Forest:2 | Got a transparent amber ring
 57295 | Forest:2 | Found a gate to the Vaults.
 57541 | Forest:3 | Found a staircase to the Slime Pits.
 57550 | Forest:3 | Noticed Jory
 57582 | Forest:3 | Killed Jory
 57626 | Forest:3 | Received a gift from Trog
 59511 | Forest:3 | Received a gift from Trog
 60544 | Forest:5 | Noticed Mara
 60558 | Forest:5 | Noticed Ihatecarrots00's illusion
 60564 | Forest:5 | Killed Mara
 60971 | Forest:5 | Received a gift from Trog
 61001 | Forest:5 | Got a jewelled great sword {god gift}
 62600 | Forest:6 | Noticed a giant centipede
 62601 | Forest:6 | Noticed Xtahua
 62607 | Forest:6 | Paralysed by Xtahua for 3 turns
 62619 | Forest:6 | Paralysed by Xtahua for 4 turns
 62632 | Forest:6 | Killed a giant centipede
 62632 | Forest:6 | Reached skill level 25 in Armour
 62638 | Forest:6 | Killed Xtahua
 62897 | Forest:6 | Found a staircase to the Crypt.
 63270 | Forest:6 | Received a gift from Trog
 65630 | Forest:7 | Entered Level 7 of the Enchanted Forest
 65888 | Forest:7 | Received a gift from Trog
 66203 | Forest:7 | Found a deep blue altar of Sif Muna.
 66427 | Forest:7 | Noticed Saint Roka
 66462 | Forest:7 | Killed Saint Roka
 66462 | Forest:7 | Reached skill level 10 in Long Blades
 66605 | Forest:7 | Found a staircase to the Depths.
 66817 | Forest:7 | Noticed the Enchantress
 66836 | Forest:7 | Reached XP level 24. HP: 318/318 MP: 100/100
 66876 | Forest:7 | Killed the Enchantress
 66882 | Forest:7 | Received a gift from Trog
 68881 | Depths:1 | Entered Level 1 of the Depths
 69001 | Depths:1 | Identified the +8 great sword of Iffamo {flame, rPois Str+3 SInv} (Trog gifted it to you on level 5 of the Enchanted Forest)
 69073 | Depths:1 | Found a one-way gate to the infinite horrors of the Abyss.
 69075 | Depths:1 | Got a brightly glowing brass amulet
 69650 | Depths:1 | Identified the Grimoire of Time and the Birds
 69929 | Depths:1 | Paralysed by an ogre mage for 4 turns
 70171 | Depths:1 | Found a gateway to Hell.
 70570 | Depths:1 | Received a gift from Trog
 71195 | Depths:2 | Noticed a juggernaut
 71212 | Depths:2 | Killed a juggernaut
 71215 | Depths:2 | Reached skill level 15 in Dodging
 71300 | Depths:2 | Received a gift from Trog
 71442 | Depths:2 | Paralysed by a great orb of eyes for 4 turns
 71671 | Depths:2 | Reached skill level 26 in Armour
 71674 | Depths:2 | Identified the amulet of Ruicimm {Inacc rPois rN+ Str-3 Int+2 Stlth+} (You found it on level 1 of the Depths)
 71679 | Depths:2 | Identified the ring "Axoynwank" {Fire Dex+2} (You found it on level 2 of the Enchanted Forest)
 71681 | Depths:2 | Identified the ring "Jumyllou" {Slay+3 Stlth+} (You found it on level 2 of the Enchanted Forest)
 71682 | Depths:2 | Identified the amulet "Xepabi" {Reflect rF+ Int+2 SH+2} (You found it on level 4 of the Elven Halls)
 71683 | Depths:2 | Identified the amulet "Tutwitsio" {RegenHP+ Str+2} (You found it on level 4 of the Elven Halls)
 71945 | Depths:2 | Found Careocw's Armour Emporium.
 72565 | Depths:2 | Received a gift from Trog
 72984 | Depths:3 | Noticed Bai Suzhen
 73002 | Depths:3 | Paralysed by a great orb of eyes for 2 turns
 73010 | Depths:3 | Killed Bai Suzhen
 73010 | Depths:3 | Reached XP level 25. HP: 325/330 MP: 100/100
 73394 | Depths:3 | Received a gift from Trog
 73890 | Depths:3 | Found a gateway to a ziggurat.
 73993 | Depths:3 | Received a gift from Trog
 74020 | Depths:3 | Got a shimmering great sword {god gift}
 74021 | Depths:3 | Identified the +3 great sword of Trog's Generosity {drain, rC+ rN+} (Trog gifted it to you on level 3 of the Depths)
 74095 | Depths:3 | Reached skill level 15 in Long Blades
 74315 | Depths:3 | Found a one-way gate leading to the halls of Pandemonium.
 74446 | Depths:3 | Cast into level 3 of the Abyss (a deep elf sorcerer)
 75601 | Depths:3 | Escaped the Abyss
 76039 | Depths:3 | Found a staircase to the Tomb.
 76089 | Tomb:1   | Entered Level 1 of the Tomb of the Ancients
 77810 | Tomb:2   | Paralysed by a sphinx for 2 turns
 77816 | Tomb:2   | Paralysed by a sphinx for 5 turns
 77828 | Tomb:2   | Received a gift from Trog
 77840 | Tomb:2   | Got a warped bardiche {god gift}
 77997 | Tomb:2   | Paralysed by a sphinx for 2 turns
 78983 | Tomb:2   | HP: 26/329 [mummy priest/the +8 glaive of the Guard {elec, +Rage AC+5 SInv} (10)]
 78987 | Tomb:2   | HP: 8/329 [freezing wraith[a mummy priest] (26)]
 78992 | Tomb:2   | Killed from afar by a mummy priest

Skill      XL: |  1  2  3  4  5  6  7  8  9 10 11 12 13 14 15 16 17 18 19 20 21 22 23 24 25 |
---------------+----------------------------------------------------------------------------+-----
Axes           | 5 6 7 8 9 10 11 12 13 14 15 16 18 | 18.8
Dodging        | 2 3 4 5 6 7 8 9 10 11 12 13 14 15 16 | 16.3
Armour         | 3 4 5 6 7 8 9 10 11 12 14 15 23 24 25 26 | 26.9
Short Blades   | 1 2 |  2.4
Fighting       | 5 6 7 8 9 10 12 14 16 17 18 19 21 22 23 24 25 | 25.3
Polearms       | 3 5 6 8 9 11 12 13 15 16 17 18 | 18.8
Long Blades    | 5 10 13 16 | 16.8

Action                   |  1- 3 |  4- 6 |  7- 9 | 10-12 | 13-15 | 16-18 | 19-21 | 22-24 | 25-27 || total
-------------------------+-------+-------+-------+-------+-------+-------+-------+-------+-------++-------
Melee: Hand axe          |   130 |    81 |       |       |       |       |       |       |       ||   211
       Short sword       |       |   445 |   129 |       |       |       |       |       |       ||   574
       Battleaxe         |       |       |   213 |    54 |       |       |       |       |       ||   267
       Executioner's axe |       |       |       |   274 |   891 |  1010 |  1340 |   325 |       ||  3840
       Dagger            |       |       |       |       |    57 |       |       |       |       ||    57
       Demon blade       |       |       |       |       |       |   142 |       |  2665 |  1262 ||  4069
       Kick              |       |       |       |       |       |       |    67 |  1103 |   537 ||  1707
       Headbutt          |       |       |       |       |       |       |    44 |   726 |   368 ||  1138
Invok: Berserk           |       |     1 |       |     2 |     4 |     4 |     8 |     5 |     6 ||    30
       Burn Spellbooks   |       |       |       |       |     1 |       |     7 |     4 |     2 ||    14
Evoke: Wand              |       |       |       |       |    12 |     1 |    15 |     3 |     7 ||    38
       Box of beasts     |       |       |       |       |     1 |       |       |       |       ||     1
  Use: Scroll            |       |    15 |     5 |     6 |    12 |    18 |    12 |    25 |     8 ||   101
       Potion            |       |       |       |     3 |     5 |    12 |    32 |    13 |     7 ||    72
 Stab: Sleeping          |       |     1 |       |       |     1 |     1 |       |       |     1 ||     4
       Petrified         |       |       |       |       |     1 |       |       |       |       ||     1
       Distracted        |       |       |       |       |       |       |     1 |       |       ||     1
       Confused          |       |       |       |       |       |       |       |     2 |       ||     2
Armor: Animal skin       |    19 |    15 |       |       |       |       |       |       |       ||    34
       Chain mail        |       |   145 |   259 |   274 |   716 |   327 |       |       |       ||  1721
       Plate armour      |       |       |       |       |       |   715 |  1229 |  2330 |  1067 ||  5341
Dodge: Dodged            |    99 |   199 |   213 |   275 |   609 |   791 |   816 |  1016 |   645 ||  4663
Block: Other             |       |       |       |       |       |       |    14 |    22 |       ||    36
       Large shield      |       |       |       |       |       |       |       |  3021 |  1710 ||  4731
